AoeStats
← AoEE.Tsumi

Black Forest

510316130Analyzed
2v2 RM · 1d ago on Sep 30, 2026· 30m 35s· 4 players
Game mode
Random Map
Map size
Medium (4 player)
Population
200
Speed
Normal
Resources
Standard
Victory
Conquest
Starting age
Dark Age
Ending age
Imperial Age
RankedLock teamsTeams togetherTeam positionsShared explorationLock speedFull tech treeHidden civsTurbo modeCheats
Victory
Defeat
🇩🇪 Mongols · Germany
1228
+14
🇦🇷 Khmer · Argentina
1168
+16
🇪🇪 Celts · Estonia
1185
-15
🇪🇪 Khmer · Estonia
1179
-15
AoEE.Tsumi
1:26 Loom
12:27 Feudal Age
13:03 Double-Bit Axe
13:09 Gold Mining
13:01 Horse Collar
17:21 Stone Mining
20:50 Castle Age
28:34 Elite Skirmisher
AoEE.Karhanin
1:03 Loom
13:25 Feudal Age
17:30 Castle Age
17:04 Double-Bit Axe
19:59 Bow Saw
25:06 Ballistics
26:06 Wheelbarrow
elnegro_coty
0:32 Loom
14:52 Feudal Age
16:27 Gold Mining
16:24 Horse Collar
20:28 Castle Age
18:52 Double-Bit Axe
22:21 Bow Saw
22:19 Scale Barding Armor
22:25 Forging
22:51 Fletching
23:19 Light Cavalry
24:13 Bloodlines
24:04 Husbandry
24:23 Stone Mining
28:37 Wheelbarrow
Magic Beam
11:05 Feudal Age
15:09 Castle Age
13:30 Fletching
14:16 Padded Archer Armor
14:05 Loom
16:19 Bodkin Arrow
17:21 Leather Archer Armor
Connection lost

Rejoining the realm…

Still unreachable

The connection could not be restored.

Session expired

The server has moved on; the page needs a fresh start.